[Event "87th Tata Steel Challengers 2025"]
[Site "Wijk aan Zee"]
[Date "2025.01.22"]
[Round "5.1"]
[White "Suleymanli, Aydin"]
[Black "Yakubboev, Nodirbek"]
[Result "0-1"]
[Annotator "TA"]
[ECO "B51"]
[WhiteElo "2623"]
[BlackElo "2659"]
[PlyCount "142"]
[EventDate "2025.01.13"]
[EventType "tourn"]
[EventCountry "NED"]
[SourceTitle "playchess.com"]
[Source "ChessBase"]
[SourceQuality "1"]
[TimeControl "40/6000+30:20/3000+30:900+30"]

1. e4 c5 2. Nf3 d6 3. Bb5+ Nd7 4. a4 Ngf6 5. Nc3 a6 6. Be2 b6 7. d4 cxd4 8. Qxd4 Bb7 9. O-O e6 10. Rd1 Qc7 11. Bg5 h6 12. Bh4 Be7 13. Bg3 e5 14. Qe3 O-O 15. Nd2 Rfe8 16. Bc4 Nc5 17. Qe2 Ne6 18. Rac1 Rec8 19. f3 Nh5 20. Bf2 Bg5 21. Ba2 Nd4 22. Qf1 b5 23. h4 Bf4 24. Ne2 Nxe2+ 25. Qxe2 bxa4 26. c4 Bg3 27. Bxg3 Nxg3 28. Qe3 Qc5 29. Kf2 Nh5 30. b4 axb3 (30... Qxb4 $2 $18) 31. Nxb3 Qa3 32. Rc2 Nf6 33. Qc1 ({White should play} 33. Nc1 $15 Qxe3+ 34. Kxe3) 33... Qb4 $17 34. Qd2 a5 35. Qxb4 axb4 36. Rb2 Bxe4 37. fxe4 Nxe4+ (37... Rxc4 38. Nd2 Rd4 39. Bb1 $14) 38. Kg1 Nc3 $1 (38... Rxc4 39. Nc1 Rcc8 40. Rxb4 $11) 39. Rdd2 Rxc4 40. Nc1 Re4 $1 41. Nd3 b3 42. Bxb3 Ra1+ (42... Rxh4 43. Rbc2 Ra1+ 44. Nc1 $11) 43. Kh2 (43. Kf2 $17 Rxh4 44. Ke3) 43... Rxh4+ $19 44. Kg3 Rd4 45. Kh2 Rh4+ (45... g5 $19 {...Rh4+ would now be deadly.} 46. Nf2 Rh4+ 47. Nh3 (47. Kg3 $2 Re1 $19) 47... Ne4) 46. Kg3 $15 g5 47. Rdc2 $1 (47. Nf2 $2 Re1 48. Rd3 Ne2+ 49. Rxe2 Rxe2 $19) 47... Ne4+ 48. Kf3 Rf1+ 49. Ke3 $1 Ng3 50. Rf2 $1 Nf5+ 51. Ke2 Rxf2+ (51... Ng3+ 52. Kf3 Rxf2+ 53. Nxf2 $11) 52. Nxf2 Kg7 53. Ba2 (53. g4 $15 Nd4+ 54. Kf1) 53... Rf4 ({Black should play} 53... Ra4 $1 $17 54. g4 Ng3+ 55. Kf3 Nf1) 54. Rb7 $11 Ng3+ 55. Ke1 {[%emt 0:01:42] [#]} (55. Ke3 $1 $11) 55... h5 $1 $17 56. Bd5 g4 57. Rb3 {[%emt 0:10:58] [#]} (57. Ra7 $17 {might work better.}) 57... h4 $1 $19 58. Rb7 e4 59. Rb4 f5 60. Rb7+ Kf6 61. Rf7+ Ke5 62. Bb3 $2 (62. Bc4) 62... d5 $19 63. Ra7 d4 (63... h3 $142 64. gxh3 Rf3) 64. Ra6 $2 (64. Ra5+ Kf6 65. Ra6+ Ke7 (65... Kg5 $2 66. Bf7 $19) 66. Bc4) 64... d3 65. Re6+ Kd4 66. Rd6+ Kc3 67. Bf7 h3 68. gxh3 gxh3 69. Rc6+ Kd4 70. Rc4+ Ke3 71. Nd1+ Kf3 0-1

[Event "87th Tata Steel Challengers 2025"]
[Site "Wijk aan Zee"]
[Date "2025.01.22"]
[Round "5.2"]
[White "Vaishali, Rameshbabu"]
[Black "Svane, Frederik"]
[Result "1/2-1/2"]
[Annotator "TA"]
[ECO "E11"]
[WhiteElo "2476"]
[BlackElo "2664"]
[PlyCount "90"]
[EventDate "2025.01.13"]
[EventType "tourn"]
[EventCountry "NED"]
[SourceTitle "playchess.com"]
[Source "ChessBase"]
[SourceQuality "1"]
[TimeControl "40/6000+30:20/3000+30:900+30"]

1. d4 Nf6 2. c4 e6 3. g3 Bb4+ 4. Bd2 a5 5. Bg2 d5 6. Nf3 O-O 7. Qc2 Bd6 8. O-O c6 9. Bg5 Nbd7 10. Nbd2 h6 11. Bxf6 Nxf6 12. e4 dxe4 13. Nxe4 Nxe4 14. Qxe4 c5 $1 15. Rad1 {[%emt 0:16:14] And now dxc5 would win.} Qc7 16. Qe2 Bd7 17. Rfe1 Rad8 18. Ne5 $1 cxd4 19. Nxd7 Rxd7 20. Rxd4 Rfd8 {[%emt 0:00:11][%cal Od6g3] Hoping for ...Bxg3!.} 21. Red1 Bc5 22. Rxd7 Rxd7 23. Rxd7 Qxd7 $11 {[%emt 0:00:02][%mdl 4096] Endgame KQB-KQB} 24. Be4 b6 25. Qd3 Bd4 26. Kg2 Qd6 27. b3 f5 28. Bf3 Qc5 29. Qe2 Kf7 30. h4 Kf6 31. h5 Qd6 32. Qd3 Qe5 33. Qe2 Qd6 34. Qd3 Ke7 35. Qe2 Bc5 36. g4 Kf6 37. gxf5 exf5 (37... Qe5 38. fxe6 Qxe2 39. Bxe2 Kxe6 40. f4 Ba3) 38. Bd5 Kg5 (38... Qe5 {simplifies} 39. Qd2 Qd4 40. Qxd4+ Bxd4 41. f4 Ke7) 39. Qe6 ({Better is} 39. Bf3 $11) 39... Qf4 (39... Kxh5 40. Qxf5+ Kh4 41. Bf3) ({Black should try} 39... Qxe6 $15 40. Bxe6 Kxh5 41. Bxf5 Kg5) 40. Bf3 Kh4 41. Qg6 (41. Qe2 $11 {remains equal.}) 41... Qg5+ $17 42. Qxg5+ hxg5 43. Be2 g4 44. f3 (44. Bd3 $142) 44... g3 45. Bd3 f4 ({Resist} 45... Kxh5 46. Kxg3 Kg5 47. f4+ Kf6 48. Bf1 $15) 1/2-1/2

[Event "87th Tata Steel Challengers 2025"]
[Site "Wijk aan Zee"]
[Date "2025.01.22"]
[Round "5.3"]
[White "Oro, Faustino"]
[Black "Pijpers, Arthur"]
[Result "1/2-1/2"]
[Annotator "TA"]
[ECO "D85"]
[WhiteElo "2447"]
[BlackElo "2474"]
[PlyCount "61"]
[EventDate "2025.01.13"]
[EventType "tourn"]
[EventCountry "NED"]
[SourceTitle "playchess.com"]
[Source "ChessBase"]
[SourceQuality "1"]
[TimeControl "40/6000+30:20/3000+30:900+30"]

1. Nf3 Nf6 2. c4 c5 3. Nc3 d5 4. cxd5 Nxd5 5. d4 Nxc3 6. bxc3 g6 7. e4 Bg7 8. Bb5+ Nc6 9. O-O cxd4 10. cxd4 O-O 11. Bxc6 bxc6 12. Qc2 Bg4 13. Ne5 Qxd4 14. Bb2 Qb6 15. Rab1 Bxe5 $1 16. Bxe5 Qa5 17. Bd4 Rfd8 18. Be3 Be6 19. a4 Qa6 20. Rfc1 Rac8 21. Bc5 Rd7 22. h3 Rcd8 23. Be3 c5 24. Qxc5 Qxa4 25. Qe5 {[%emt 0:00:38] Repels Qxe4} Qa6 {[%emt 0:05:22] [#] Black is weak on the dark squares} (25... Rd1+ $11 {keeps the balance.} 26. Kh2 Rxc1 27. Rxc1 a6) 26. Ra1 {[%emt 0:08:45] White is more active.} (26. Rb6 $1 $16 {White wants to mate with Bh6.} Qxb6 (26... axb6 27. Bh6 $15) 27. Bxb6 axb6 28. Kh2) 26... Qd6 $11 (26... Qd3 {keeps more tension.} 27. Bh6 Qd4 28. Qxd4 Rxd4 29. Rxa7 Rxe4 30. Rxe7 Re5) 27. Qxd6 Rxd6 28. Rxa7 Rd1+ 29. Rxd1 Rxd1+ 30. Kh2 Rd7 31. Rxd7 1/2-1/2

[Event "87th Tata Steel Challengers 2025"]
[Site "Wijk aan Zee"]
[Date "2025.01.22"]
[Round "5.4"]
[White "Lu, Miaoyi"]
[Black "Bok, Benjamin"]
[Result "0-1"]
[Annotator "TA"]
[ECO "B67"]
[WhiteElo "2429"]
[BlackElo "2583"]
[PlyCount "68"]
[EventDate "2025.01.13"]
[EventType "tourn"]
[EventCountry "NED"]
[SourceTitle "playchess.com"]
[Source "ChessBase"]
[SourceQuality "1"]
[TimeControl "40/6000+30:20/3000+30:900+30"]

1. e4 c5 2. Nf3 d6 3. d4 cxd4 4. Nxd4 Nf6 5. Nc3 Nc6 6. Bg5 e6 7. Qd2 a6 8. O-O-O Bd7 9. Kb1 Nxd4 10. Qxd4 Be7 11. f3 Qc7 12. Qd2 b5 13. Bd3 b4 14. Ne2 a5 15. c4 bxc3 16. Nxc3 Qb7 {[%emt 0:02:12] Wards off Bb5} 17. a4 O-O 18. Nb5 d5 19. Rc1 Qb8 {[%emt 0:06:13] [#]} (19... dxe4 $2 20. Bxf6 e3 (20... Bxf6 $2 21. Bxe4 Qb6 22. Qxd7 $18) 21. Bxh7+ (21. Qxe3 Bxf6 22. Rc7 Qd5 $18) (21. Rc7 exd2 22. Rxb7 Bxb5 $17) 21... Kh8 22. Qxe3 Bxf6 23. Be4 $18) 20. e5 $1 Bxb5 21. axb5 Bb4 $1 (21... Qxe5 $2 22. Bf4 Qh5 23. h4 $18) 22. Qe3 $1 Nd7 23. f4 Qa7 24. Qh3 ({White should play} 24. Qxa7 $14 Rxa7 25. Rhd1) 24... g6 $1 $36 {[%emt 0:01:02][%mdl 2048] Black is pushing.} 25. Rc6 a4 26. b6 Qa5 27. b7 $2 {[%emt 0:01:53][%mdl 8192] [#]} (27. Bxg6 $11 {and White is okay.} hxg6 28. f5 exf5 29. Qh6) 27... a3 $1 $19 {[%emt 0:11:56] Hoping for ...axb2.} (27... Ra7 $2 28. Qh6 f5 (28... Rxb7 29. Bf6 Nxf6 30. exf6 Kh8 31. Qg7#) 29. exf6 (29. Rxe6 Rxb7 $11) 29... Nxf6 30. Qxf8+ (30. Rxe6 Rxb7 31. Bxf6 Bc3 $18) 30... Bxf8 31. b8=Q $18 (31. b8=R $2 {is the wrong capture.} Nd7 $19)) 28. bxa8=Q (28. bxa8=N Rxa8 29. bxa3 Bxa3 $19) 28... Rxa8 29. Ra6 Rxa6 30. Bxa6 axb2 (30... Qxa6 31. bxa3 Bxa3 32. Qc3 $11) 31. Kxb2 ({Avoid the trap} 31. Qb3 $2 Qa1+ (31... Qxa6 $2 32. Qxb2 Qd3+ 33. Qc2 $19) 32. Kc2 Qxh1 33. Qxb2 Bf8 $19 (33... Qxg2+ $2 34. Kb1 $19)) 31... Qxa6 32. Qb3 $2 (32. Rc1) 32... Nc5 (32... Qe2+ 33. Qc2 Qb5 (33... Ba3+ 34. Kb1 $11) 34. Rd1 $19) 33. Qc2 d4 {[%emt 0:01:23] ( -> ...Bc3+)} 34. Rb1 Qa3# 0-1

[Event "87th Tata Steel Challengers 2025"]
[Site "Wijk aan Zee"]
[Date "2025.01.22"]
[Round "5.5"]
[White "L'Ami, Erwin"]
[Black "Deshmukh, Divya"]
[Result "1-0"]
[Annotator "TA"]
[ECO "E05"]
[WhiteElo "2614"]
[BlackElo "2490"]
[PlyCount "105"]
[EventDate "2025.01.13"]
[EventType "tourn"]
[EventCountry "NED"]
[TimeControl "40/6000+30:20/3000+30:900+30"]

1. Nf3 d5 2. c4 e6 3. g3 Nf6 4. Bg2 Be7 5. O-O O-O 6. d4 dxc4 7. Qa4 a6 8. Qxc4 b5 9. Qc2 Bb7 10. Bd2 Ra7 {[%emt 0:06:06] E05: Open Catalan: 5 Nf3 Be7.} 11. Rc1 Be4 12. Qb3 Bd5 {[%emt 0:03:22] The position is equal.} 13. Qe3 Ng4 14. Qd3 Bc4 15. Rxc4 bxc4 16. Qxc4 Nf6 17. Nc3 {[%emt 0:05:50][%mdl 1024] White has compensation.} Nbd7 18. b4 Qb8 $146 (18... c6 19. Na4 Qb8 20. Nc5 Qb5 21. Rc1 Rc8 22. e3 Qxc4 23. Rxc4 Bd8 24. Nb3 Ne4 {½-½ Sakaev,K (2649)-Karjakin,S (2732) RUS-chT Dagomys 2008 (7)}) 19. a3 a5 20. b5 Bd6 21. e4 e5 22. h3 Rb7 23. Be3 Re8 24. a4 exd4 {[%emt 0:02:59] White has space advantage and is better} 25. Bxd4 Nxe4 $2 (25... h6 $16) 26. Nxe4 Rxe4 27. Qd5 Re7 28. Nh4 $1 Rb6 29. Nf5 $40 {[%emt 0:01:45][%mdl 128] Black is in trouble.} Re6 30. Nxg7 {[%emt 0:07:42] Black is weak on the light squares} Re5 31. Bxe5 Bxe5 {[%emt 0:00:03] [#]} 32. Qxd7 $1 Bxa1 (32... Rd6 33. Qe8+) 33. Nf5 {[%emt 0:00:20] Black must now prevent Bc6. White is much more active.} Bf6 $2 (33... Rf6 $16 34. Bd5 Qf8) 34. Bd5 Qd8 (34... Qf8 $142 35. Nh6+ (35. Qxc7 Bd8 $18) 35... Kg7 (35... Qxh6 36. Qxf7+ Kh8 37. Qg8#)) 35. Qxf7+ $18 Kh8 36. Be4 (36. Bc6 $142 Be5 37. Ne7 Rxc6 38. Nxc6 Qd1+ 39. Kh2) 36... Rb8 37. Kg2 Rb6 $2 {[%emt 0:02:04] [#]} (37... Qf8 38. Qxc7 Re8) 38. Nd4 $2 Qg8 {[%emt 0:01:16] [#]} 39. Qxg8+ (39. Qxc7 $2 {loses.} Bxd4 40. Qd7 Be5 41. Bxh7 Qe6 (41... Qxh7 42. Qd8+ Qg8 43. Qxb6 $14) 42. Qxe6 Rxe6 $19) (39. Qd7 Rd6 40. Qxc7 Rxd4 $19) 39... Kxg8 {[%emt 0:00:02][%mdl 4096] Endgame KRB-KBN} 40. Nc6 Bc3 41. Kf3 Kg7 42. Ke2 h6 43. f4 Kf7 44. Bd5+ Kg6 45. g4 Bf6 46. Kf3 ({Resist} 46. Nxa5 Rd6) 46... Bh4 47. Nxa5 Rd6 48. Ke4 Rd8 49. Nc6 Re8+ 50. Ne5+ {[%emt 0:00:00] White is clearly winning.} Kf6 (50... Kg7 $142 51. a5 Bf2) 51. a5 Bf2 52. a6 Ke7 {[%emt 0:00:39] [#]} 53. h4 $1 {[%emt 0:00:00] Weighted Error Value: White=0.32/Black=0.50  Loses game:     	---       	Black=1      Mistake:       	White=1     	Black=4      Inaccurate:     	White=1     	Black=7      OK:         	White=23    	Black=9      Best:        	White=3     	Black=2} 1-0

[Event "87th Tata Steel Challengers 2025"]
[Site "Wijk aan Zee"]
[Date "2025.01.22"]
[Round "5.6"]
[White "Gurel, Ediz"]
[Black "Nguyen, Thai Dai Van"]
[Result "1/2-1/2"]
[Annotator "TA"]
[ECO "C90"]
[WhiteElo "2624"]
[BlackElo "2668"]
[PlyCount "237"]
[EventDate "2025.01.13"]
[EventType "tourn"]
[EventCountry "NED"]
[SourceTitle "playchess.com"]
[Source "ChessBase"]
[SourceQuality "1"]
[TimeControl "40/6000+30:20/3000+30:900+30"]

1. e4 e5 2. Nf3 Nc6 3. Bb5 Nf6 4. d3 d6 5. O-O Be7 6. Re1 O-O 7. c3 a6 8. Ba4 Re8 9. Nbd2 Bf8 10. Nf1 h6 11. Ng3 b5 12. Bb3 Be6 13. a4 b4 14. Bxe6 Rxe6 15. d4 d5 16. dxe5 Nxe4 17. c4 Nxe5 18. cxd5 Nxf2 19. Kxf2 Ng4+ 20. Kf1 Rxe1+ 21. Qxe1 Qf6 22. Qe4 Nxh2+ 23. Kg1 Nxf3+ 24. gxf3 Bd6 25. Nf5 Rd8 26. Nxd6 Rxd6 27. Qe8+ Kh7 28. Qe4+ Kg8 29. Kf2 c6 30. dxc6 Rxc6 31. Bd2 Qd6 32. Bf4 Qc5+ 33. Kf1 Re6 34. Qd3 Rg6 35. Re1 Qg1+ 36. Ke2 Qg2+ 37. Kd1 Qxb2 38. Qc2 Qd4+ 39. Bd2 Qa1+ 40. Ke2 Qd4 41. Kd1 Qa1+ 42. Ke2 Qf6 43. Qd3 b3 44. Bc3 Qh4 45. Kd1 Qxa4 46. Bb2 Qh4 47. Re8+ Kh7 48. Re4 Qh2 49. Re2 Qd6 50. Kd2 Qb4+ 51. Kd1 Qd6 52. Kd2 Qb4+ 53. Kd1 a5 54. Re4 Qd6 55. Rd4 Qh2 56. Kc1 Qc7+ 57. Bc3 Qh2 58. Bxa5 f5 59. Bd2 Qe5 60. Bc3 Qe6 61. Rd5 Rg2 62. Bd2 Qf6 63. Qxb3 Rg1+ 64. Kc2 Qc6+ 65. Kd3 Qa6+ 66. Ke3 Qa7+ 67. Rd4 Qe7+ 68. Kd3 Qe5 69. Rd5 Qe6 70. Qb5 Rb1 71. Qc5 Rb3+ 72. Bc3 Qe1 73. Qd4 Qf1+ 74. Kc2 Rb7 75. Qd3 Qxd3+ 76. Kxd3 Rf7 77. Ke3 Kg6 78. Kf4 Rc7 (78... Kh5 $142 79. Rxf5+ g5+ 80. Ke4 Re7+ 81. Re5 Rc7) 79. Bd4 $18 Rf7 80. Bf2 Rb7 81. Rd6+ (81. Rxf5 $2 Rb4+ 82. Ke5 Rb5+ 83. Kf4 Rxf5+ $19) 81... Kh5 82. Kxf5 Rf7+ 83. Ke4 Re7+ 84. Kf4 g5+ 85. Kf5 Rb7 86. Bd4 Rb3 87. Ke4 Rb4 88. Rc6 Ra4 89. Ke3 Ra3+ 90. Kf2 Ra2+ 91. Kg3 Ra3 92. Re6 Rb3 93. Bc5 Rb8 94. Rf6 Rg8 95. Re6 $2 (95. Rd6 $18) 95... Rg6 $2 (95... Rb8 $1 $11 96. Bd4 Rb7) 96. Re5 $18 Rf6 97. Be3 Kg6 98. Rd5 Re6 99. Bd4 Kh5 $2 (99... Ra6 100. Bg1 h5) 100. Kf2 $2 (100. f4 Re4 101. Be5 (101. f5 Rg4+ 102. Kf3 Rf4+ 103. Ke3 Rf1 $18)) 100... Kg6 $18 101. Be5 Kf5 102. Bb2+ Kg6 103. Bd4 Ra6 104. Ke3 Re6+ 105. Kd3 Re7 106. Be5 Rb7 $2 (106... Re8 {might work better.} 107. Ke4 Ra8) 107. Ke4 $18 Kh5 108. Rd6 Rb4+ 109. Kf5 (109. Ke3 $18 {is more deadly.}) 109... Rb3 $16 110. f4 (110. Ke4 Rb7 111. Kf5 Rb3 $18) 110... gxf4 111. Bxf4 Rb5+ 112. Be5 Rb1 113. Rd3 Rb4 114. Ra3 Rc4 115. Bd6 Rd4 $2 {[%emt 0:00:39][%mdl 8192] [#]} (115... Ra4 $16) 116. Bf4 $1 Kh4 {[%emt 0:00:34] [#]} 117. Ra6 $2 ({Less strong is} 117. Bxh6 Rg4 118. Bf4 Kh5 $18) (117. Be5 $1 {mates} Rd5 118. Ra4+ Kh5 119. Ra1 (119. Ra2 Rxe5+ 120. Kxe5 Kg4 121. Rg2+ Kf3 122. Rh2 Ke3 123. Rxh6 Kd3) 119... Rxe5+ 120. Kxe5 Kg4 121. Rg1+ Kf3 122. Rh1) 117... h5 $16 118. Ra3 (118. Bg5+ Kg3 119. Re6 Ra4 120. Re3+ Kg2 $16) 118... Rxf4+ $1 119. Kxf4 1/2-1/2

[Event "87th Tata Steel Challengers 2025"]
[Site "Wijk aan Zee"]
[Date "2025.01.22"]
[Round "5.7"]
[White "Nogerbek, Kazybek"]
[Black "Bulmaga, Irina"]
[Result "1-0"]
[Annotator "TA"]
[ECO "E97"]
[WhiteElo "2514"]
[BlackElo "2386"]
[PlyCount "101"]
[EventDate "2025.01.13"]
[EventType "tourn"]
[EventCountry "NED"]
[SourceTitle "playchess.com"]
[Source "ChessBase"]
[SourceQuality "1"]
[TimeControl "40/6000+30:20/3000+30:900+30"]

1. c4 Nf6 2. Nc3 g6 3. Nf3 Bg7 4. e4 d6 5. d4 O-O 6. Be2 e5 7. O-O Nc6 8. d5 Ne7 9. b4 Nh5 10. Re1 a5 11. bxa5 Rxa5 12. a4 f5 13. Ra3 fxe4 14. Nxe4 Nf4 15. Bf1 b6 16. Nfd2 Bd7 17. g3 Nh5 $1 18. Nb1 Nf6 19. Bg2 Nxe4 20. Bxe4 Nf5 21. Nc3 Qf6 22. Nb5 Nd4 23. f3 (23. Nxc7 $2 Qxf2+ 24. Kh1 Bxa4 $19) 23... Bf5 (23... Bxb5 $15 24. cxb5 Rfa8) 24. Kg2 Qf7 25. Bb2 Bxe4 26. Rxe4 Nf5 27. Bc3 Ra6 28. Be1 h5 29. Bf2 Ra5 30. h3 Raa8 31. g4 Nh6 $1 32. Qd3 Kh8 33. Re2 Ng8 $1 34. g5 Kh7 35. Rea2 Qe7 36. h4 Rf7 (36... Rf4 $5) 37. a5 bxa5 38. Rxa5 Raf8 39. Ra7 $36 {[%emt 0:00:08][%mdl 2048] White is pushing.} Rxf3 40. Qxf3 Rxf3 41. Kxf3 Qd7 {[%emt 0:11:33] and ...Qg4+ would now be decisive} 42. Rxc7 {[%emt 0:00:00] Active counter play!} Qg4+ $1 43. Ke3 {[%emt 0:00:00] Chess con chili.} Qf4+ $2 (43... Ne7 $1 $11 44. Rxe7 Qf4+ 45. Kd3 e4+ 46. Rxe4 Qf3+ 47. Re3 Qf5+ 48. Ke2 Qg4+ 49. Ke1 Qxc4) 44. Ke2 $18 Ne7 $2 (44... Qe4+ 45. Kd2 Qf3) 45. Nxd6 $1 (45. Rxe7 $2 Qxc4+ 46. Kf3 Qxd5+ (46... Qxa2 $2 47. Nc7 $19) (46... Qxb5 47. Raa7 $16) 47. Kg3 Qxa2 $19) 45... Nf5 46. Nxf5 $2 (46. Raa7 $18 {is the precise move to win. Threatening mate with Nxf5.} Qg4+ 47. Ke1 Nxd6 48. Rxg7+ Kh8 49. Rgc7 (49. Rxg6 $2 Qe4+ 50. Kd2 Qxg6 $19) 49... Qe4+ 50. Kd2 Qf4+ 51. Kc3) 46... Qxf5 $16 47. Raa7 ({Better is} 47. Ra3 $16 {And now Kf1 would win.} Qe4+ 48. Be3) 47... Qe4+ $2 (47... Qc2+ $11 48. Kf3 Kh8 49. Rxg7 Qe4+ 50. Kg3 Qg4+ 51. Kh2 Qf4+ 52. Bg3 Qd2+ 53. Kh3 Qd1 54. Rh7+ (54. Rxg6 Qh1+ 55. Bh2 Qf3+ 56. Bg3 Qh1+ 57. Bh2 Qf3+ 58. Bg3 Qh1+ $11) (54. Bxe5 Qf3+ 55. Kh2 Qf2+ 56. Kh3 Qh2+ 57. Kxh2 $11) 54... Kg8 55. Rag7+ (55. Bxe5 Qf3+ 56. Bg3 Qh1+ 57. Bh2 Qf3+ 58. Bg3 Qh1+ 59. Bh2 Qf3+ 60. Bg3 $11) 55... Kf8 56. Rf7+ (56. Rxg6 Qh1+ 57. Bh2 Qf1+ 58. Kg3 Qf4+ 59. Kg2 Qe4+ 60. Kg1 Qb1+ 61. Kg2 Qxg6 $17) (56. Bxe5 Qf3+ 57. Bg3 Qh1+ 58. Bh2 Qf3+ 59. Bg3 Qh1+ 60. Bh2 Qf3+ 61. Bg3 $11) 56... Kg8) 48. Kd2 Kh8 49. Rxg7 Qxc4 50. Rgc7 ({Inferior is} 50. Rxg6 Qxd5+ 51. Kc1 Qc4+ 52. Kd2 Qb4+ 53. Ke2 (53. Kc1 Qc3+ 54. Kd1 Qd3+ 55. Ke1 Qb1+ 56. Ke2 Qxg6 $11) 53... Qe4+ 54. Kf1 Qxg6 $11) 50... Qxd5+ 51. Kc1 1-0